Map: [ESL] Waterfall

Players

TIME (Oliveira)

  • Race: Terran Terran

夜蝶蝶蝶蝶蝶蝶蝶 (Firefly) - Winner!

  • Race: Protoss Protoss

Event: DreamHack SC2 Masters 2022 Atlanta (Online)

VOD

Have the link to the VOD?

Description

Time

  • Played on: Oct. 7, 2022, 7:11 a.m.
  • Length: 10:28

All games in this series

Show
View Real Time Build Order
Export as new Build Order

TIME Terran 

Build Orders: Gas First Reaper Expand 

Get SALT Encoding   

  12  0:00  SCV  
  13  0:12  SCV  
  14  0:17  Supply Depot  
  14  0:24  SCV  
  15  0:28  Refinery  
  15  0:39  SCV  
  16  0:44  Barracks  
  16  0:51  SCV  
  17  1:03  SCV  
  18  1:15  SCV  
  19  1:31  Reaper, Orbital Command  
  20  1:44  Command Center  
  20  1:55  Factory  
  20  1:58  SCV  
  21  2:08  Refinery  
  21  2:10  Barracks Reactor, SCV  
  22  2:15  Supply Depot  
  22  2:23  SCV  
  23  2:37  SCV  
  23  2:39  Starport  
  23  2:43  Widow Mine  
  26  2:47  Marine x2  
  26  2:49  SCV  
  29  2:57  Orbital Command  
  29  3:02  SCV  
  29  3:05  Widow Mine  
  32  3:06  Marine x2  
  34  3:14  SCV  
  34  3:16  Medivac  
  37  3:21  Orbital Command  
  37  3:23  Marine  
  37  3:24  Marine  
  37  3:26  Supply Depot  
  39  3:27  Factory Tech Lab  
  39  3:30  SCV  
  40  3:41  Marine x2  
  40  3:43  SCV  
  40  3:46  Siege Tank  
  40  3:47  Starport Tech Lab  
  46  3:53  SCV  
  47  3:56  Supply Depot  
  47  3:58  SCV  
  47  4:01  Bunker  
  48  4:05  SCV, Marine x2  
  51  4:10  SCV  
  51  4:14  Raven  
  54  4:17  SCV  
  54  4:22  SCV  
  56  4:29  SCV  
  55  4:35  Marine x2  
  55  4:37  SCV  
  55  4:38  Siege Tank  
  61  4:39  Barracks  
  61  4:42  SCV  
  61  4:43  Supply Depot, Barracks  
  62  4:48  Engineering Bay, Refinery  
  62  4:56  SCV, Marine  
  62  5:04  Supply Depot  
  62  5:05  SCV  
  63  5:08  SCV  
  63  5:09  Command Center  
  63  5:13  Marine  
  63  5:14  Marine  
  66  5:17  SCV  
  66  5:19  Terran Infantry Weapons Level 1  
  66  5:20  SCV  
  68  5:30  SCV  
  68  5:32  SCV  
  68  5:34  Marine x2  
  68  5:42  SCV  
  64  5:45  SCV  
  64  5:46  Combat Shield  
  64  5:47  Stimpack, Factory Reactor  
  64  5:48  Marine x2  
  67  5:50  Starport Reactor  
  67  5:54  SCV, Marine  
  67  5:55  Marine  
  71  5:57  SCV  
  71  6:02  Barracks  
  71  6:03  Barracks  
  71  6:06  SCV  
  71  6:09  SCV, Refinery  
  73  6:11  Marauder  
  73  6:12  Marauder, Marine  
  73  6:17  Supply Depot  
  78  6:21  SCV x2, Marine  
  78  6:22  Orbital Command  
  78  6:25  Supply Depot  
  81  6:26  Widow Mine  
  81  6:28  Widow Mine  
  81  6:32  Medivac x2  
  87  6:35  SCV  
  87  6:36  SCV  
  91  6:41  Marauder  
  91  6:42  Marauder  
  95  6:50  Marine x2  
  95  6:51  Barracks Reactor, Barracks Tech Lab  
  95  6:52  SCV x2  
  99  6:57  Orbital Command  
  99  6:59  Widow Mine x2  
  103  7:01  Supply Depot, Marine  
  103  7:03  Marauder  
  103  7:07  Marine  
  107  7:11  Marine  
  108  7:18  Terran Infantry Armor Level 1  
  108  7:19  SCV  
  109  7:22  Marine  
  109  7:23  Supply Depot, SCV x2, Marauder  
  109  7:27  Widow Mine  
  109  7:28  Marine  
  117  7:36  SCV  
  117  7:39  Marine  
  117  7:40  Marine  
  117  7:42  Supply Depot, Marine  
  117  7:43  Supply Depot  
  117  7:44  SCV x2, Widow Mine, Marauder x2  
  117  7:45  Marine  
  117  7:50  SCV  
  125  7:57  SCV  
  125  7:58  SCV  
  125  7:59  Marine x2  
  125  8:00  Marine x2  
  125  8:02  SCV  
  125  8:04  Marauder  
  118  8:05  Marine  
  118  8:06  Marauder  
  118  8:09  SCV  
  118  8:10  SCV  
  118  8:11  Widow Mine  
  118  8:12  Widow Mine  
  121  8:14  SCV  
  121  8:16  Marine  
  121  8:17  Marine  
  121  8:18  Supply Depot  
  121  8:19  Supply Depot, Medivac  
  126  8:20  Medivac  
  126  8:21  SCV, Marine  
  126  8:23  SCV  
  126  8:25  Marine  
  132  8:28  Concussive Shells  
  132  8:35  SCV  
  132  8:37  Marauder  
  132  8:39  Marauder  
  132  8:40  Marauder  
  132  8:41  Supply Depot  
  132  8:42  SCV  
  132  8:48  Marine x2  
  113  8:59  Marauder  
  113  9:01  Marauder, Marine x2  
  112  9:09  Marine x2  
  103  9:10  Medivac, Widow Mine x2  
  103  9:11  Medivac  
  103  9:12  SCV  
  106  9:17  SCV  
  106  9:18  SCV, Marine  
  106  9:19  Marine  
  106  9:20  Marauder  
  106  9:22  Marine  
  102  9:27  Marine  
  102  9:29  SCV  
  97  9:32  Marine  
  97  9:33  Marauder  
  97  9:36  Marine  
  97  9:38  SCV x2  
  103  9:40  Widow Mine  
  103  9:42  SCV  
  103  9:45  Widow Mine  
  108  9:46  Marine  
  108  9:48  Marine  
  108  9:51  Medivac  
  112  9:53  SCV  
  112  9:54  SCV  
  112  9:55  SCV  
  112  9:58  Marine  
  114  10:00  Marine x2  
  114  10:01  Marine  
  114  10:05  SCV  
Show
View Real Time Build Order
Export as new Build Order

夜蝶蝶蝶蝶蝶蝶蝶 Protoss - Winner!

Build Orders: 1 Gate Expand, Blink Stalkers 

Get SALT Encoding   

  12  0:00  Probe  
  13  0:12  Probe  
  14  0:18  Pylon  
  14  0:24  Probe  
  15  0:36  Probe (Chrono Boost)  
  15  0:37  Gateway  
  16  0:48  Probe (Chrono Boost), Assimilator  
  17  0:52  Probe (Chrono Boost)  
  18  1:03  Probe  
  19  1:17  Probe  
  20  1:25  Cybernetics Core  
  20  1:35  Nexus  
  20  1:42  Pylon  
  20  1:46  Probe  
  21  1:51  Assimilator  
  21  1:58  Adept (Chrono Boost), Probe  
  22  2:04  Warp Gate (Chrono Boost)  
  24  2:10  Probe  
  25  2:22  Probe  
  26  2:24  Twilight Council  
  26  2:32  Stalker  
  26  2:34  Probe  
  29  2:43  Gateway  
  29  2:46  Probe  
  29  2:49  Probe  
  31  2:58  Probe  
  31  3:04  Blink (Chrono Boost)  
  34  3:05  Shield Battery  
  34  3:10  Probe  
  34  3:12  Probe  
  34  3:15  Stalker (Chrono Boost)  
  36  3:22  Probe  
  36  3:24  Probe  
  38  3:29  Shield Battery  
  39  3:34  Probe  
  39  3:37  Probe  
  39  3:41  Gateway  
  40  3:46  Probe  
  40  3:47  Stalker  
  43  3:49  Probe  
  43  3:53  Stalker  
  46  3:58  Pylon  
  46  4:07  Forge  
  46  4:13  Robotics Facility  
  46  4:16  Probe x2  
  48  4:18  Pylon  
  48  4:28  Probe x2, Stalker  
  48  4:29  Stalker  
  54  4:37  Pylon  
  54  4:38  Stalker  
  56  4:42  Probe  
  56  4:45  Probe  
  58  4:46  Protoss Ground Weapons Level 1 (Chrono Boost)  
  58  4:54  Stalker x2  
  62  5:02  Probe  
  62  5:04  Probe  
  62  5:05  Observer, Assimilator, Pylon  
  65  5:17  Nexus  
  65  5:22  Probe  
  65  5:23  Probe  
  67  5:34  Probe  
  60  5:37  Stalker x3  
  60  5:39  Probe  
  67  5:46  Probe  
  67  5:49  Gateway  
  68  5:50  Gateway  
  68  5:51  Charge  
  68  5:53  Pylon  
  68  5:54  Observer  
  70  5:57  Probe  
  70  5:59  Probe  
  70  6:03  Gateway  
  71  6:10  Gateway  
  71  6:12  Gateway  
  71  6:13  Warp Prism, Probe  
  71  6:15  Pylon  
  71  6:16  Probe  
  75  6:30  Probe x3  
  78  6:33  Shield Battery  
  78  6:35  Sentry  
  78  6:36  Sentry  
  78  6:37  Sentry  
  78  6:38  Shield Battery  
  84  6:42  Probe  
  84  6:43  Protoss Ground Armor Level 1 (Chrono Boost)  
  84  6:44  Probe  
  86  6:50  Pylon  
  86  7:02  Robotics Bay  
  86  7:03  Probe x2, Assimilator  
  86  7:04  Probe  
  86  7:07  Zealot x3, Pylon  
  95  7:14  Pylon  
  92  7:15  Probe  
  92  7:16  Probe x2  
  92  7:18  Zealot x3  
  101  7:23  Pylon  
  101  7:28  Zealot x4  
  109  7:47  Stalker x4  
  109  7:50  Zealot x4  
  117  8:03  Warp Prism  
  117  8:10  Zealot x5  
  117  8:11  Zealot x2  
  123  8:14  Zealot  
  125  8:24  Nexus  
  125  8:33  Robotics Facility  
  95  9:16  Colossus (Chrono Boost)  
  91  9:18  Colossus (Chrono Boost), Stalker x8  
  101  9:36  Pylon  
  101  9:43  Zealot x3  
  101  9:44  Zealot x5  
  116  9:56  Shield Battery  
  116  10:05  Zealot x2  
  116  10:06  Zealot  
  128  10:15  Zealot x3  
  128  10:16  Zealot x2  
Tags
 
Add a new tag
Caveats
  • Supply blocks, unpowered buildings, or Contaminate may cause inaccurate times.
  • Supply counts are checked every 10 seconds.